 Dungeon Crawl Stone Soup version 0.30.1-4-g462c640d31 (webtiles) character file.

Game seed: 2409196131363394709

32 Logoto the Firebug (level 3, 0/27 HPs)
             Began as a Hill Orc Fire Elementalist on Aug 16, 2023.
             Succumbed to a scorpion's poison
             ... on level 1 of the Dungeon.
             The game lasted 00:03:42 (880 turns).

Logoto the Firebug (Hill Orc Fire Elementalist)      Turns: 880, Time: 00:03:42

Health: 0/27       AC:  2    Str: 12    XL:     3   Next: 27%
Magic:  1/5        EV: 12    Int: 15    God:
Gold:   21         SH:  0    Dex: 11    Spells: 2/5 levels left

rFire   . . .        f - +0 mace
rCold   . . .        (no shield)
rNeg    . . .        d - +0 robe
rPois   .            (no helmet)
rElec   .            (no cloak)
rCorr   .            (no gloves)
SInv    .            (no boots)
Will    .....        (no amulet)
Stlth   ++           (no ring)
HPRegen 0.24/turn    (no ring)
MPRegen 0.09/turn

%: no passive effects
@: lethally poisoned (0 -> -7)
A: no striking features
a: no special abilities


You were on level 1 of the Dungeon.
You visited 1 branch of the dungeon, and saw 2 of its levels.

You collected 21 gold pieces.

Inventory:

Hand Weapons
 e - a +0 dagger
 f - a +0 mace (weapon)
Armour
 d - a +0 robe (worn)
Scrolls
 c - a scroll of enchant weapon {unknown}
 h - a scroll of noise {unknown}
 i - a scroll of identify {unknown}
Potions
 a - a potion of curing
 b - a potion of magic
 g - a potion of ambrosia {unknown}


   Skills:
 + Level 0.5 Fighting
 + Level 2.0 Dodging
 + Level 1.9 Stealth
 + Level 1.7 Spellcasting
 + Level 1.6 Conjurations
 + Level 3.5 Fire Magic


You had 2 spell levels left.
You knew the following spells:

 Your Spells              Type           Power      Damage    Failure   Level
a - Foxfire               Conj/Fire      36%        2x1d5     8%          1
b - Scorch                Fire           24%        2d6       8%          2

Your spell library contained the following spells:

 Spells                   Type           Power      Damage    Failure   Level
 Inner Flame              Hex/Fire       6%         N/A       32%         3
 Volatile Blastmotes      Fire/Tloc      12%        2d11      32%         3
 Flame Wave               Conj/Fire      9%         2d6       61%         4


Dungeon Overview and Level Annotations

Branches:
Dungeon (2/15)

Altars:


Message History

The foxfire hits the scorpion.
The scorpion is lightly wounded.
Casting: Foxfire (safe; 8% risk of failure)
Confirm with . or Enter, or press ? or * to list all spells.
Flames lash the scorpion.
The scorpion is moderately wounded.
The scorpion's fire resistance burns away.
The ball python hisses angrily.
The scorpion attacks as you move away!
The scorpion stings you but does no damage.
There is a stone staircase leading up here.
The scorpion closely misses you.
You climb upwards.
There is a stone staircase leading down here.
Casting: Scorch (safe; 8% risk of failure)
Confirm with . or Enter, or press ? or * to list all spells.
Flames lash the scorpion.
The scorpion is burned terribly!
The scorpion is severely wounded.
The scorpion stings you.
You closely miss the scorpion.
The scorpion is severely wounded.
The scorpion stings you.
You are poisoned.
The scorpion poisons you! The scorpion stings you!
* * * LOW HITPOINT WARNING * * *
You feel sick.
* * * LOW HITPOINT WARNING * * *
You feel sick.
It was a potion of curing.
You feel better. The scorpion closely misses you. The scorpion stings you.
The scorpion is no longer more vulnerable to fire.
The scorpion attacks as you move away! The scorpion barely misses you.
The scorpion attacks as you move away! The scorpion closely misses you.
The scorpion attacks as you move away! The scorpion barely misses you.
The scorpion attacks as you move away! The scorpion stings you.
The scorpion stings you!
* * * LOW HITPOINT WARNING * * *
You are lethally poisoned!
The scorpion poisons you!
You die...

#.##.#..)........#>.....#.#
#.##.#...........#.###..#.#
#..#.#.........#.#.# #..#.#
##.#...........#.#.###..#.#
..>..............#......#.#
##.###.).....##.##..###.#.#
#.#####........##s.# #.#.#
##............#.#..## #...#
................@..# #..##
...###.........##.## #..#
........>.........# #..#
............####### #..#
............# #..#
............# ####..####
#.##.##.##### #........##
#.#...#.# #.........##
#..._...# #..........#


You could see a scorpion.

Vanquished Creatures
  2 dart slugs (D:1)
  A ball python (D:1)
  3 bats (D:1)
  2 endoplasms (D:1)
  3 giant cockroaches (D:1)
  4 goblins (D:1)
  4 hobgoblins (D:1)
  A frilled lizard (D:1)
  2 kobolds (D:1)
  3 rats (D:1)
25 creatures vanquished.

Vanquished Creatures (others)
  33 foxfires
33 creatures vanquished.

Grand Total: 58 creatures vanquished

Notes
Turn   | Place    | Note
-------+----------+-------------------------------------------
     0 | D:1      | Logoto the Hill Orc Fire Elementalist began the quest for
                  | the Orb.
     0 | D:1      | Reached XP level 1. HP: 14/14 MP: 3/3
   152 | D:1      | Reached XP level 2. HP: 20/20 MP: 0/4
   160 | D:1      | Learned a level 2 spell: Scorch
   422 | D:1      | Reached XP level 3. HP: 14/27 MP: 2/5
   546 | D:1      | Found a faded altar of an unknown god.
   863 | D:2      | Noticed a scorpion
   880 | D:1      | Succumbed to a scorpion's poison

Illustrated notes

Levels and vault maps discovered:
D:1:      ncdulo_smallfort, layout_rooms, ebering_ecumenical_altar_box,
          chequers_arboretum
D:2:      layout_basic, palyth_stone_intersect, grunt_ministairs_10,
          kennysheep_generic_room_10

Skill      XL: |  1  2  3 |
---------------+----------+-----
Dodging        | 2 |  2.0
Fighting       | |  0.5
Stealth        | |  1.9
Spellcasting   | |  1.7
Conjurations   | |  1.6
Fire Magic     | |  3.5

Action                     || total
---------------------------++-------
  Melee: Unarmed           ||     4
         Dagger            ||     2
         Mace              ||    28
   Cast: Foxfire           ||    21
         Scorch            ||     9
    Use: Potion            ||     1
 Armour: Robe              ||    11
  Dodge: Dodged            ||    49
